 Dungeon Crawl Stone Soup version 0.30-a0-1053-gbd8d5ba0ad (webtiles) character file.

Game seed: 6637679775049436132

159 domi the Caller (level 5, -1/35 HPs)
             Began as a Mummy Summoner on Apr 11, 2023.
             Slain by Pikel
             ... wielding a +1 whip of freezing
              (12 damage)
             ... on level 4 of the Dungeon.
             The game lasted 00:09:03 (3807 turns).

domi the Caller (Mummy Summoner)                    Turns: 3807, Time: 00:09:04

Health: -1/35      AC:  4    Str: 11    XL:     5   Next: 17%
Magic:  2/9        EV: 12    Int: 17    God:
Gold:   358        SH:  0    Dex: 12    Spells: 0/9 levels left

rFire   x . .      SeeInvis .    q - +1 dagger (venom)
rCold   + . .      Faith    +    (no shield)
rNeg    + + +      Spirit   .    a - +0 robe
rPois   ∞          Reflect  .    g - +0 helmet
rElec   .          Rampage  .    k - +0 cloak
rCorr   .                        (no gloves)
Will    .....                    (no boots)
Stlth   ++                       (no amulet)
HPRegen 0.25/turn                (no ring)
MPRegen 0.11/turn                (no ring)

@: very slightly contaminated
A: cold resistance 1, negative energy resistance 3, torment resistance 2, heat
vulnerability 1, in touch with death 1, no potions, faith
a: no special abilities


You were on level 4 of the Dungeon.
You visited 1 branch of the dungeon, and saw 4 of its levels.

You collected 358 gold pieces.

Inventory:

Hand Weapons
 b - a +0 dagger
   (You took it off a kobold on level 1 of the Dungeon)
 n - a +2 flail of protection
   (You took it off an orc on level 3 of the Dungeon)
 q - a +1 dagger of venom (weapon)
   (You took it off a goblin on level 4 of the Dungeon)
Armour
 a - a +0 robe (worn)
 g - a +0 helmet (worn)
   (You found it on level 2 of the Dungeon)
 k - a +0 cloak (worn)
   (You found it on level 3 of the Dungeon)
 m - the +1 robe of Foolhardiness {Int+5}
   (You found it on level 4 of the Dungeon)

   Int:       It affects your intelligence (+5).
Jewellery
 o - a ring of ice {rC+, rF-}
   (You found it on level 4 of the Dungeon)
Wands
 p - a wand of iceblast (6)
   (You found it on level 4 of the Dungeon)
Scrolls
 c - a scroll of noise {unknown}
 d - 2 scrolls of immolation {unknown}
 e - 2 scrolls of teleportation {unknown}
 f - 2 scrolls of identify {unknown}
 h - a scroll of silence {unknown}
 i - 3 scrolls of enchant armour {unknown}
 j - 2 scrolls of poison {unknown}
 l - a scroll of acquirement {unknown}


   Skills:
 - Level 1.5 Dodging
 - Level 1.5 Stealth
 - Level 2.6 Spellcasting
 + Level 5.4 Summonings


You couldn't memorise any spells.
You knew the following spells:

 Your Spells              Type           Power      Damage    Failure   Level
c - Call Canine Familiar  Summ           20%        N/A       6%          3
x - Call Imp              Summ           40%        N/A       3%          2
z - Summon Small Mammal   Summ           80%        N/A       1%          1
Z - Summon Guardian Gole  Hex/Summ       11%        N/A       19%         3

Your spell library contained the following spells:

 Spells                   Type           Power      Damage    Failure   Level
 Sandblast                Erth           4%         2d4       19%         1
 Passwall                 Tmut/Erth      1%         N/A       26%         2
 Stone Arrow              Conj/Erth      4%         3d7       47%         3
 Summon Lightning Spire   Summ/Air       11%        N/A       52%         4


Dungeon Overview and Level Annotations

Branches:
Dungeon (4/15)
 Temple: D:4-7

Altars:
Ashenzari
Qazlal

Shops:
D:2 *

Annotations:
D:4 Pikel


Innate Abilities, Weirdness & Mutations

You are immune to poison.
Your flesh is cold resistant. (rC+)
You are immune to negative energy. (rN+++)
You are immune to unholy pain and torment.
You are vulnerable to heat. (rF-)
You are in touch with the powers of death.
You do not drink.
You have a special connection with the divine. (Faith)


Message History

Your cerulean imp disappears in a puff of smoke!
An orc comes into view. It is wielding a +0 club.
This spell is quite dangerous to cast!
Memorise Summon Guardian Golem, consuming 3 spell levels and leaving 0?
You start memorising the spell.
You continue memorising.
Your hound closely misses the orc.
The orc barely misses your hound.
You continue memorising.
Your hound closely misses the orc.
The orc barely misses your hound.
Your hound completely misses the orc.
You continue memorising.
Your hound bites the orc.
The orc hits your hound with a +0 club.
You finish memorising.
Spell assigned to 'Z'.
A tiny devil pulls itself out of the air.
Your hound barely misses the orc.
The orc closely misses your hound.
Your hound bites the orc.
The orc dies!
You swap places.
Pikel is nearby!
Pikel is nearby!
Pikel is nearby!
Pikel is nearby!
A lemure comes into view.
Your cerulean imp hits Pikel from afar with a -2 spear.
Aim: Pikel, wielding a +1 whip of freezing and wearing a +0 robe (lightly wounded, ally target)
The mass of ice explodes!
The iceblast engulfs Pikel!
You hear a shout! x2
Your cerulean imp hits Pikel but does no damage.
Your hound closely misses Pikel.
Your hound barely misses Pikel.
Pikel closely misses you.
Your cerulean imp hits Pikel but does no damage.
You hit Pikel but do no damage.
Your hound barely misses Pikel.
Pikel barely misses you.
Your cerulean imp hits Pikel with a -2 spear.
Your hound barely misses Pikel.
You hit Pikel but do no damage.
Pikel is poisoned.
Your hound closely misses Pikel.
Pikel completely misses you.
Your cerulean imp hits Pikel but does no damage.
You hit Pikel but do no damage.
Your hound bites Pikel but does no damage.
Pikel misses your hound. The lemure hits you.
Your cerulean imp hits Pikel but does no damage.
Your hound bites Pikel.
The lemure attacks as you move away! The lemure hits you.
Your hound closely misses Pikel.
The lemure barely misses your hound.
Pikel hits your cerulean imp with a +1 whip of freezing.
Pikel freezes your cerulean imp.
Your cerulean imp misses Pikel.
Your hound bites Pikel.
The lemure hits your hound.
Pikel hits your hound with a +1 whip of freezing!
Pikel freezes your hound.
Your hound dies!
Your hound's corpse disappears in a puff of smoke!
Your cerulean imp hits Pikel but does no damage.
Pikel hits your cerulean imp with a +1 whip of freezing.
Pikel freezes your cerulean imp.
Your cerulean imp misses Pikel.
Pikel misses your cerulean imp. The lemure hits your cerulean imp.
Your cerulean imp dies!
Your cerulean imp disappears in a puff of smoke!
Pikel looks more healthy.
The lemure hits your hound!
A tiny devil pulls itself out of the air.
Your hound bites the lemure but does no damage.
The lemure hits your hound but does no damage.
Your hound closely misses the lemure.
The lemure barely misses your hound. Pikel barely misses your hound.
Your hound bites the lemure.
Your hound barely misses the lemure.
The lemure hits your hound. x2
Something hits your hound but does no damage.
Your cerulean imp hits the lemure from afar with a -2 spear.
The lemure hits your hound.
Your hound dies!
Your hound's corpse disappears in a puff of smoke!
Your cerulean imp hits the lemure from afar with a -2 spear.
The lemure closely misses your cerulean imp.
Your cerulean imp hits the lemure but does no damage.
You miscast Call Canine Familiar.
You are very lightly contaminated with residual magic.
Nothing appears to happen.
Your cerulean imp hits the lemure from afar with a -2 spear.
Unknown command.
Your cerulean imp hits the lemure but does no damage.
Pikel says, "I'm sure they'll be treated well, anyway."
Pikel hits your cerulean imp with a +1 whip of freezing.
Pikel freezes your cerulean imp.
Your cerulean imp completely misses the lemure.
Pikel says, "I'm sure the Orcish Mines are around here somewhere..."
Pikel hits your cerulean imp with a +1 whip of freezing.
Pikel freezes your cerulean imp.
Your cerulean imp dies!
Your cerulean imp disappears in a puff of smoke!
You hit Pikel but do no damage.
Pikel is poisoned.
Pikel hits you with a +1 whip of freezing.
You closely miss Pikel.
Pikel hits you with a +1 whip of freezing!
Pikel freezes you.
You closely miss Pikel. Pikel waves his whip at you.
Pikel hits you with a +1 whip of freezing!
Unknown command.
Pikel attacks as you move away!
Pikel hits you with a +1 whip of freezing!
You die...

######### ##### #.......# #...#
#.......####### #...#
#.....5.##5K@.####...#
#...)##.)..55##....#...########
#.........########.............
#...####### ##############
#.... #.... ##... #....


You could see Pikel (very poisoned) and 3 lemures.

Vanquished Creatures
  A lemure (D:3)
  A sleepcap (D:4)
  An adder (D:2)
  2 endoplasms
  3 goblins
  A hobgoblin (D:1)
  A jackal (D:2)
  2 quokkas (D:4)
  2 frilled lizards (D:1)
  2 kobolds
  2 rats
18 creatures vanquished.

Vanquished Creatures (collateral kills)
  2 adders (D:3)
  3 gnolls (D:2)
  A worm (D:4)
  A dart slug (D:1)
  7 orcs
  3 endoplasms
  2 giant cockroaches (D:2)
  5 goblins
  2 hobgoblins
  A jackal (D:2)
  5 kobolds
  A quokka (D:1)
  8 ball pythons
  4 bats
  2 frilled lizards
  2 rats
49 creatures vanquished.

Grand Total: 67 creatures vanquished

Notes
Turn   | Place    | Note
-------+----------+-------------------------------------------
     0 | D:1      | domi the Mummy Summoner began the quest for the Orb.
     0 | D:1      | Reached XP level 1. HP: 13/13 MP: 4/4
   254 | D:1      | Reached XP level 2. HP: 19/19 MP: 3/5
   820 | D:1      | Reached skill level 4 in Summonings
  1078 | D:1      | Found a faded altar of an unknown god.
  1151 | D:2      | Gained mutation: You are in touch with the powers of death.
                  | [Mummy growth]
  1151 | D:2      | Reached XP level 3. HP: 22/24 MP: 2/7
  1199 | D:2      | Learned a level 2 spell: Call Imp
  1203 | D:2      | Learned a level 3 spell: Call Canine Familiar
  1519 | D:2      | Found Pacihulo's Assorted Antiques.
  1665 | D:2      | Reached XP level 4. HP: 26/30 MP: 4/8
  2340 | D:3      | Reached skill level 5 in Summonings
  2430 | D:3      | Found a stormy altar of Qazlal.
  2950 | D:4      | Identified the +1 robe of Foolhardiness {Int+5}
  2998 | D:4      | Noticed a lemure
  2998 | D:4      | Noticed a lemure
  2999 | D:4      | Noticed a lemure
  3036 | D:3      | Killed a lemure
  3277 | D:4      | Noticed Pikel
  3545 | D:4      | Found a broken altar of Ashenzari.
  3732 | D:4      | Reached XP level 5. HP: 25/35 MP: 4/9
  3766 | D:4      | Learned a level 3 spell: Summon Guardian Golem
  3777 | D:4      | Noticed a lemure
  3807 | D:4      | Slain by Pikel

Illustrated notes

Levels and vault maps discovered:
D:1:      dpeg_arrival_refuge, layout_loops_ring,
          hellmonk_ecumenical_altar_arch_garden, minivault_11,
          hangedman_decor_clover_reticule, minmay_misc_feat_more_columns
D:2:      layout_rooms, serial_shops, shop, minmay_statues_item,
          chequers_serial_rivers_large_b, st_stairs_7
D:3:      layout_loops_ring, amcnicky_altar_gilded, minmay_cut_off
D:4:      wad_lake_hut, layout_basic, mainiacjoe_overflow_alcove_1, uniq_pikel

Skill      XL: |  1  2  3  4 |
---------------+-------------+-----
Summonings     | 4 5 |  5.4
Dodging        | |  1.5
Stealth        | |  1.5
Spellcasting   | |  2.6

Action                     |  1- 3 |  4- 6 || total
---------------------------+-------+-------++-------
  Melee: Unarmed           |    14 |       ||    14
         Dagger            |    52 |    30 ||    82
         Punch             |     1 |     1 ||     2
         Flail             |       |    16 ||    16
   Cast: Summon Small Mamm |    45 |    21 ||    66
         Call Imp          |     9 |    19 ||    28
         Call Canine Famil |       |     7 ||     7
  Evoke: Wand              |       |     1 ||     1
   Stab: Distracted        |     1 |     1 ||     2
 Armour: Robe              |    28 |     8 ||    36
  Dodge: Dodged            |    52 |    42 ||    94

Table legend: (Time is in decaauts)
 A = Elapsed time spent in this place.
 B = Non-inter-level travel time spent in this place.
 C = Inter-level travel time spent in this place.
 D = Time resting spent in this place.
 E = Time spent auto-exploring this place.
 F = Levels seen in this place.
 G = Mean time per level.
                   A        B        C        D        E       F      G
               +--------+--------+--------+--------+--------+-----+--------+
         Total |   3839 |   3675 |    164 |    386 |   2573 |   4 |  959.8 |
       Dungeon |   3839 |   3675 |    164 |    386 |   2573 |   4 |  959.8 |
               +--------+--------+--------+--------+--------+-----+--------+

Top non-repeatable levels by time:
     D:3: 1200 daAuts
     D:1: 1133 daAuts
     D:2: 804 daAuts
     D:4: 702 daAuts

Table legend:
 A = Kills in this place as a percentage of kills in the entire game.
 B = Kills by you in this place as a percentage of kills by you in the entire game.
 C = Kills by friends in this place as a percentage of kills by friends in the entire game.
 D = Other kills in this place as a percentage of other kills in the entire game.
 E = Experience gained in this place as a percentage of experience gained in the entire game.
 F = Experience gained in this place divided by the number of levels of this place that you have seen.
                   A       B       C       D       E      F
               +-------+-------+-------+-------+-------+----------------------
         Total | 100.0 | 100.0 | 100.0 |   N/A | 100.0 |  57.0
       Dungeon | 100.0 | 100.0 | 100.0 |   N/A | 100.0 |  57.0
               +-------+-------+-------+-------+-------+----------------------
